 Dungeon Crawl Stone Soup version 0.31-a0-795-g5eb97db20b (webtiles) character file.

Game seed: 16800049938408305811

36 DocEon the Cudgeller (level 3, -1/23 HPs)
             Began as a Gargoyle Monk on Sept 18, 2023.
             Killed from afar by Natasha (7 damage)
             ... with a magic dart
             ... on level 2 of the Dungeon.
             The game lasted 00:01:05 (910 turns).

DocEon the Cudgeller (Gargoyle Monk)                 Turns: 910, Time: 00:01:06

Health: -1/23      AC:  5    Str: 16    XL:     3   Next: 37%
Magic:  3/3        EV: 12    Int: 10    God:
Gold:   66         SH:  0    Dex: 12    Spells: 2/2 levels left

rFire   . . .        a - +0 mace
rCold   . . .        d - orb {light}
rNeg    + . .        b - +0 robe
rPois   ∞            (no helmet)
rElec   +            (no cloak)
rCorr   .            (no gloves)
SInv    .            (no boots)
Will    .....        (no amulet)
Stlth   +            (no ring)
HPRegen 0.23/turn    (no ring)
MPRegen 0.08/turn

%: no passive effects
@: glowing
A: sickness immunity, AC +3, negative energy resistance 1, electricity
resistance, torment resistance 1, petrification resistance
a: no special abilities


You were on level 2 of the Dungeon.
You visited 1 branch of the dungeon, and saw 2 of its levels.

You collected 66 gold pieces.

Inventory:

Hand Weapons
 a - a +0 mace (weapon)
Missiles
 l - 4 poisoned darts (quivered)
Armour
 b - a +0 robe (worn)
 d - an orb of light (worn)
Jewellery
 i - a ring of protection from fire
Scrolls
 f - 2 scrolls of fear {unknown}
 g - a scroll of vulnerability {unknown}
 h - 2 scrolls of identify {unknown}
 k - 4 scrolls of teleportation {unknown}
Potions
 c - a potion of ambrosia
 e - 2 potions of haste {unknown}
 j - a potion of curing {unknown}
 m - a potion of brilliance {unknown}


   Skills:
 - Level 3.2 Fighting
 + Level 4.3 Maces & Flails
 - Level 2.4 Dodging


You had 2 spell levels left.
You didn't know any spells.
Your spell library contained the following spells:

 Spells                   Type           Power      Damage    Failure   Level
 Necrotise                Necr           0%         1d4       36%         1
 Vampiric Draining        Necr           0%         2d6       75%         3
 Agony                    Necr           0%         N/A       100%        5


Dungeon Overview and Level Annotations

Branches:
Dungeon (2/15)

Altars:

Annotations:
D:2 Natasha


Innate Abilities, Weirdness & Mutations

You are immune to sickness and miasma.
Your stone body is resilient. (AC +3)
You are immune to poison.
You resist negative energy. (rN+)
You are resistant to electric shocks. (rElec)
You are resistant to unholy torment.
You are immune to petrification.


Message History

Natasha hisses angrily.
Natasha mumbles some strange words.
Natasha is nearby!
Natasha is nearby!
Natasha is nearby!
Natasha casts a spell.
You throw a poisoned dart.
The poisoned dart closely misses the cerulean imp.
The cerulean imp misses you.
The cerulean imp hits you but does no damage.
You hit the cerulean imp but do no damage.
The cerulean imp barely misses you.
The cerulean imp hits you from afar with a +0 spear.
The cerulean imp hits you with a +0 spear.
You closely miss the cerulean imp. The cerulean imp closely misses you.
The cerulean imp hits you with a +0 spear.
The cerulean imp completely misses you.
The cerulean imp attacks as it pursues you!
The cerulean imp barely misses you.
The cerulean imp hits you from afar with a +0 spear.
The cerulean imp attacks as it pursues you!
The cerulean imp hits you but does no damage.
The cerulean imp hits you but does no damage.
The cerulean imp attacks as it pursues you!
The cerulean imp misses you.
The cerulean imp attacks as it pursues you!
The cerulean imp hits you from afar with a +0 spear.
The cerulean imp attacks as it pursues you!
The cerulean imp hits you from afar with a +0 spear.
* * * LOW HITPOINT WARNING * * *
The cerulean imp hits you but does no damage.
The cerulean imp attacks as it pursues you!
The cerulean imp hits you from afar with a +0 spear.
* * * LOW HITPOINT WARNING * * *
The cerulean imp hits you but does no damage.
The cerulean imp disappears in a puff of smoke!
Natasha stares at you and mumbles some strange words.
The magic dart hits you!
You die...
Natasha curls up and begins to purr.

.....................
#. .#.................
#.................
###.#.................
#......§5..##.........
#.#.####h#.##.........
#.# #.#.# ...... #.#
#.#.# #### #.# #@#.#
#.# #.#.# #.# #.# #.#
#.# #.####.# #<.....#
#.###### #.# #.#


You could see Natasha and a cerulean imp (summoned).

Vanquished Creatures
  4 dart slugs
  3 ball pythons (D:1)
  5 bats (D:1)
  An endoplasm (D:1)
  5 giant cockroaches (D:1)
  2 hobgoblins
  A kobold (D:1)
  A quokka (D:1)
  A goblin (D:1)
  2 rats (D:1)
25 creatures vanquished.

Notes
Turn   | Place    | Note
-------+----------+-------------------------------------------
     0 | D:1      | DocEon the Gargoyle Monk began the quest for the Orb.
     0 | D:1      | Reached XP level 1. HP: 14/14 MP: 1/1
    41 | D:1      | Reached XP level 2. HP: 19/19 MP: 2/2
   480 | D:1      | Reached skill level 4 in Maces & Flails
   493 | D:1      | Reached XP level 3. HP: 16/23 MP: 3/3
   889 | D:2      | Noticed Natasha
   910 | D:2      | Killed from afar by Natasha

Illustrated notes

Levels and vault maps discovered:
D:1:      lightli_arrival_noodles, layout_basic, st_stairs_11
D:2:      layout_basic, basic_altar, uniq_natasha

Skill      XL: |  1  2 |
---------------+-------+-----
Maces & Flails | 4 |  4.3
Fighting       | |  3.2
Dodging        | |  2.4

Action                     || total
---------------------------++-------
  Melee: Mace              ||    66
  Throw: Dart              ||     1
 Armour: Robe              ||    42
  Dodge: Dodged            ||    40

Table legend: (Time is in decaauts)
 A = Elapsed time spent in this place.
 B = Non-inter-level travel time spent in this place.
 C = Inter-level travel time spent in this place.
 D = Time resting spent in this place.
 E = Time spent auto-exploring this place.
 F = Levels seen in this place.
 G = Mean time per level.
                   A        B        C        D        E       F      G
               +--------+--------+--------+--------+--------+-----+--------+
         Total |    923 |    902 |     21 |      0 |    728 |   2 |  461.5 |
       Dungeon |    923 |    902 |     21 |      0 |    728 |   2 |  461.5 |
               +--------+--------+--------+--------+--------+-----+--------+

Top non-repeatable levels by time:
     D:1: 841 daAuts
     D:2: 81 daAuts
